 Dungeon Crawl Stone Soup version 0.17-a0-2101-g0c122e7 (webtiles) character file.

676 mrath the Digger (level 7, -1/37 HPs)
             Began as a Gargoyle Earth Elementalist on Oct 18, 2015.
             Was an Initiate of Vehumet.
             Slain by an orc warrior
             ... wielding a +0 scimitar
              (9 damage)
             ... on level 6 of the Dungeon.
             The game lasted 01:20:59 (6774 turns).

mrath the Digger (Gargoyle Earth Elementalist)      Turns: 6774, Time: 01:20:59

Health: -1/37      AC: 10    Str: 12    XL:     7   Next: 60%
Magic:  8/14       EV: 12    Int: 17    God:    Vehumet [......]
Gold:   605        SH:  0    Dex: 10    Spells: 4 memorised, 5 levels left

rFire  . . .     SeeInvis .     a - 32 stones
rCold  . . .     Clarity  .     m - +0 robe
rNeg   + . .     SustAt   .     (no shield)
rPois  ∞         Gourm    .     (no helmet)
rElec  +         Spirit   .     (no cloak)
rCorr  .         Warding  .     B - +0 pair of gloves
rMut   .         Stasis   .     (no boots)
MR     .....                    (no amulet)
Stlth  ++........               (no ring)
                                (no ring)

@: stone skin, not resistant to hostile enchantments, unstealthy
A: negative energy resistance 1, electricity resistance, unbreathing,
petrification resistance, rot immunity, AC +4
a: Renounce Religion


You were on level 6 of the Dungeon.
You worshipped Vehumet.
Vehumet was noncommittal.
You were not hungry.

You visited 2 branches of the dungeon, and saw 7 of its levels.
You also visited: Ossuary.

You collected 605 gold pieces.

Inventory:

Hand Weapons
 e - a +0 mace
 f - a +0 whip
 i - a +0 hand axe
 n - a +2 short sword of flaming
 t - a +0 flail
 u - a +0 short sword of electrocution
 z - a +0 spear
 G - a +0 dagger of venom
Missiles
 a - 32 stones (in hand)
 x - 20 sling bullets (quivered)
Armour
 m - a +0 robe (worn)
 B - a +0 pair of gloves (worn)
Jewellery
 C - a +3 ring of protection {unknown}
Wands
 b - a wand of frost (20)
 w - a wand of flame (47)
 D - a wand of digging (15)
 F - a wand of digging (5)
Scrolls
 h - 4 scrolls of identify
 k - 2 scrolls of remove curse
 s - a scroll of fear
 y - a scroll of teleportation
Potions
 g - a potion of cure mutation {unknown}
 j - a potion of degeneration {unknown}
 o - a potion of agility {unknown}
 r - a potion of poison {unknown}
 v - a potion of ambrosia {unknown}
 A - a potion of resistance {unknown}
 E - a potion of curing {unknown}
Books
 c - a book of Geomancy

   Spells                             Type                      Level
   a - Sandblast                      Earth                        1
   b - Stoneskin                      Transmutation/Earth          2
   c - Passwall                       Transmutation/Earth          3
   d - Stone Arrow                    Conjuration/Earth            3
   e - Petrify                        Transmutation/Earth          4
   f - Lee's Rapid Deconstruction     Earth                        5
Comestibles
 d - 4 bread rations
 l - a fruit
 q - a meat ration


   Skills:
 + Level 0.9 Fighting
 + Level 0.6 Maces & Flails
 + Level 1.3 Armour
 + Level 1.8 Dodging
 - Level 2.1 Stealth
 * Level 5.1 Spellcasting
 + Level 3.5 Conjurations
 - Level 0.7 Transmutations
 + Level 6.1 Earth Magic
 + Level 0.8 Evocations


You had 5 spell levels left.
You knew the following spells:

 Your Spells              Type           Power        Failure   Level  Hunger
a - Sandblast             Erth           ####..       1%          1    None
b - Stoneskin             Trmt/Erth      ###.....     6%          2    #......
c - Stone Arrow           Conj/Erth      ###...       8%          3    ###....
d - Lee's Rapid Deconstr  Erth           ####......   38%         5    ######.


Dungeon Overview and Level Annotations

Branches:
Dungeon (6/15)             Temple (1/1) D:5

Altars:
Ashenzari
Cheibriados
Dithmenos
Elyvilon
Fedhas
Gozag
Kikubaaqudgha
Makhleb
Nemelex Xobeh
Okawaru
Qazlal
Ru
Sif Muna
Trog
Vehumet
Xom
Yredelemnul
Zin
The Shining One

Shops:
D:5 %


Innate Abilities, Weirdness & Mutations

You are resistant to torment.
Your stone body is resilient (AC +4).
You are immune to poison.
You resist negative energy.
You are resistant to electric shocks.
You can survive without breathing.
You are immune to petrification.
You are immune to rotting.


Message History

Aiming: Sandblast
Press: ? - help, Shift-Dir - straight line, f/p - orc warrior
Aim: an orc warrior, wielding a scimitar and wearing a plate armour (moderately wounded)
The rocky blast hits the orc warrior.
The orc warrior is moderately wounded.
The orc warrior hits you with a scimitar!
* * * LOW HITPOINT WARNING * * *
Casting: Sandblast
Confirm with . or Enter, or press ? or * to list all spells.
Aiming: Sandblast
Press: ? - help, Shift-Dir - straight line, f/p - orc warrior
Aim: an orc warrior, wielding a scimitar and wearing a plate armour (moderately wounded)
The rocky blast hits the orc warrior.
The orc warrior is moderately wounded.
The orc warrior barely misses you.
Casting: Sandblast
Confirm with . or Enter, or press ? or * to list all spells.
Your skin hardens.
The orc warrior hits you with a scimitar!
You die...

#................# ##.##
###...........#....## ###.##
....................## ##.....
##########...##..#.#.######..#..#
#### #.#.##..#.#..#..#...#..#
...#######.......................
>..................#..#..#......#
.#.#...............#..#..#......#
.#.#####.#.....o@..#..#..##......
o#.#####.#...#.#...#..#..........
<......#.#.........#..#..##......
.#.###.#.#............#..........
.#...........#.#.................
.#...............................
.#............)..................
.#...............................
.............#.###.#.............


You could see an orc warrior.

Vanquished Creatures
  A giant frog (D:6)
  A water moccasin skeleton (D:5)
  A scorpion (D:4)
  An orc priest (D:3)
  A crimson imp (D:6)
  A jelly (D:6)
  2 hounds
  4 orc wizards
  An iguana (D:4)
  A worker ant (D:5)
  A big kobold zombie (Ossuary)
  3 mummies
  6 adders
  2 adder skeletons (D:4)
  5 worms
  9 orcs
  5 bats
  6 giant cockroaches
  4 gnoll zombies (Ossuary)
  2 hobgoblins
  9 jackals
  6 kobolds
  3 giant newts
  3 goblins
  5 goblin zombies (Ossuary)
  A hobgoblin zombie (Ossuary)
  3 orc zombies (Ossuary)
  3 quokkas
  A quokka zombie (D:6)
  9 rats
100 creatures vanquished.

Notes
Turn   | Place    | Note
--------------------------------------------------------------
     0 | D:1      | mrath the Gargoyle Earth Elementalist began the quest for the Orb.
     0 | D:1      | Reached XP level 1. HP: 10/10 MP: 3/3
   795 | D:1      | Reached XP level 2. HP: 15/15 MP: 3/5
   840 | D:1      | Learned a level 2 spell: Stoneskin
  1082 | D:2      | Reached skill level 4 in Earth Magic
  1597 | D:2      | Found a stormy altar of Qazlal.
  1713 | D:2      | Reached XP level 3. HP: 10/19 MP: 7/7
  2110 | D:2      | Learned a level 3 spell: Stone Arrow
  2568 | D:3      | Reached XP level 4. HP: 24/24 MP: 3/9
  2613 | D:3      | Reached skill level 1 in Conjurations
  2670 | D:3      | Reached XP level 5. HP: 28/28 MP: 7/10
  2920 | D:3      | Reached skill level 5 in Earth Magic
  4121 | D:4      | Reached XP level 6. HP: 14/32 MP: 0/12
  4310 | D:4      | Learned a level 5 spell: Lee's Rapid Deconstruction
  4356 | D:5      | Entered Level 5 of the Dungeon
  4411 | D:5      | Found a sand-covered staircase.
  4448 | Ossuary  | Entered an ossuary
  5272 | D:5      | Found a staircase to the Ecumenical Temple.
  5282 | Temple   | Entered the Ecumenical Temple
  5316 | Temple   | Became a worshipper of Vehumet
  5459 | D:5      | Found Fuoc's Food Shop.
  5653 | D:5      | Found a deep blue altar of Sif Muna.
  5787 | D:6      | Reached XP level 7. HP: 36/36 MP: 10/14
  5942 | D:6      | Reached skill level 6 in Earth Magic
  6236 | D:6      | Reached skill level 5 in Spellcasting
  6431 | D:6      | Reached skill level 1 in Armour
  6774 | D:6      | Slain by an orc warrior

Vault maps used:
D:1:      dpeg_arrival_rooms_a, serial_bayou, serial_bayou_crossing,
          serial_bayou_shore_a, serial_bayou_ford_a, serial_bayou_pond_a,
          serial_bayou_lake_a
D:2:      nicolae_qazlal_general_emergency, first_bread
D:5:      minmay_temple_entry_glass, serial_shops, nicolae_shop_stone,
          gup_ossuary_entry_pyramid, led_sif_pool
D:6:      kennysheep_generic_room_3
Temple:   grunt_circular_temple_18
Ossuary:  minmay_ossuary_gauntlet

Action                   |  1- 3 |  4- 6 |  7- 9 || total
-------------------------+-------+-------+-------++-------
Melee: Mace              |    13 |       |       ||    13
       Whip              |    13 |     2 |       ||    15
       Short sword       |       |    17 |     5 ||    22
 Cast: Sandblast         |    43 |   116 |    44 ||   203
       Stoneskin         |       |     2 |     1 ||     3
  Use: Scroll            |       |     7 |     1 ||     8
  Eat: Chunk             |     3 |     6 |     2 ||    11
       Beef jerky        |     2 |     2 |       ||     4
       Fruit             |       |     1 |     1 ||     2
